 Dungeon Crawl Stone Soup version 0.26.1-11-gd32895ea62 (webtiles) character file.

Game seed: 4273308499664899079

95 Almogavar the Covered (level 4, -3/38 HPs)
             Began as a Gnoll Wanderer on June 26, 2021.
             Slain by a worker ant (5 damage)
             ... on level 4 of the Dungeon.
             The game lasted 00:06:42 (2299 turns).

Almogavar the Covered (Gnoll Wanderer)              Turns: 2299, Time: 00:06:43

Health: -3/38      AC:  3    Str: 19    XL:     4   Next: 66%
Magic:  8/8        EV: 12    Int: 16    God:
Gold:   106        SH:  0    Dex: 15    Spells: 8/9 levels left

rFire    . . .     SeeInvis .   d - +0 mace
rCold    . . .     Faith    .   (no shield)
rNeg     . . .     Spirit   .   o - +0 leather armour
rPois    .         Reflect  .   (no helmet)
rElec    .         Harm     .   (no cloak)
rCorr    .         Rampage  .   (no gloves)
Will     .....                  (no boots)
Stlth    ++........             (no amulet)
HPRegen  0.12/turn              (no ring)
MPRegen  0.11/turn              b - +6 ring of strength

@: lethally poisoned (-3 -> -4)
A: distributed training, fangs 1, strong nose
a: no special abilities


You were on level 4 of the Dungeon.
You visited 1 branch of the dungeon, and saw 4 of its levels.

You collected 106 gold pieces.

Inventory:

Hand Weapons
 a - a +1 shortbow
 d - a +0 mace (weapon)
 h - a +0 hunting sling
 w - a +1 falchion of protection
Missiles
 c - 44 arrows
 i - 19 sling bullets
Armour
 f - a +0 scale mail
 n - a +0 ring mail
 o - a +0 leather armour (worn)
 u - a +0 chain mail
Jewellery
 b - a +6 ring of strength (right hand)
Scrolls
 l - 2 scrolls of blinking
 m - a scroll of enchant armour
 q - a scroll of remove curse
 r - a scroll of amnesia {unknown}
 v - a scroll of fear {unknown}
 x - a scroll of teleportation {unknown}
Potions
 e - 2 potions of berserk rage {unknown}
 g - a potion of might
 j - a potion of flight
 k - 3 potions of heal wounds
 p - a potion of haste {unknown}
 s - a potion of lignification {unknown}
 t - 2 potions of curing {unknown}


   Skills:
 + Level 4.6 Fighting
 + Level 1.2 Short Blades
 + Level 1.2 Long Blades
 + Level 1.2 Axes
 + Level 2.8 Maces & Flails
 + Level 1.2 Polearms
 + Level 1.2 Staves
 + Level 1.2 Slings
 + Level 1.2 Bows
 + Level 1.2 Crossbows
 + Level 1.2 Throwing
 + Level 4.6 Armour
 + Level 1.2 Dodging
 + Level 2.6 Stealth
 + Level 1.2 Shields
 + Level 1.2 Unarmed Combat
 + Level 3.0 Spellcasting
 + Level 1.0 Conjurations
 + Level 1.0 Hexes
 + Level 1.0 Summonings
 + Level 1.0 Necromancy
 + Level 1.0 Translocations
 + Level 1.0 Transmutations
 + Level 2.2 Fire Magic
 + Level 2.2 Ice Magic
 + Level 1.0 Air Magic
 + Level 1.0 Earth Magic
 + Level 1.0 Poison Magic
 + Level 1.3 Invocations
 + Level 2.8 Evocations


You had 8 spell levels left.
You knew the following spells:

 Your Spells              Type           Power        Failure   Level
a - Magic Dart            Conj           20%          14%         1

Your spell library contained the following spells:

 Spells                   Type           Power        Failure   Level
 Blink                    Tloc           N/A          22%         2
 Call Imp                 Summ           5%           22%         2
 Slow                     Hex            5%           22%         2
 Conjure Flame            Conj/Fire      7%           32%         3
 Mephitic Cloud           Conj/Pois/Air  5%           38%         3


Dungeon Overview and Level Annotations

Branches:
Dungeon (4/15)
 Temple: D:4-7

Altars:
Okawaru
The Shining One


Innate Abilities, Weirdness & Mutations

Your experience applies equally to all skills.
You have very sharp teeth.
Your uncanny sense of smell can sniff out nearby items.


Message History

The worker ant is severely wounded.
The worker ant bites you but does no damage.
The worker ant bites you.
You hit the worker ant. You bite the worker ant.
The worker ant is almost dead.
You feel sick.
The worker ant bites you but does no damage.
You hit the worker ant.
The worker ant is almost dead.
The worker ant bites you. The worker ant bites you!
* * * LOW HITPOINT WARNING * * *
You hit the worker ant but do no damage.
The worker ant is almost dead.
The worker ant bites you!
* * * LOW HITPOINT WARNING * * *
You completely miss the worker ant.
The worker ant is almost dead.
* * * LOW HITPOINT WARNING * * *
You feel sick. The worker ant misses you. The worker ant bites you.
You die...

#. #. ##.
#..#####
###......#
##........#
..........#
.......@..#
.......B.##
......(..#
.....(.).#
∆
........##
.........
.=.....##
.......


You could see a worker ant.

Vanquished Creatures
  An orc priest (D:3)
  An adder (D:2)
  An ooze (D:1)
  A worm (D:2)
  2 dart slugs
  2 leopard geckos (D:2)
  4 orcs (D:3)
  A giant cockroach (D:2)
  2 goblins (D:2)
  7 hobgoblins
  6 kobolds
  4 bats
  5 frilled lizards
  5 rats
42 creatures vanquished.

Notes
Turn   | Place    | Note
-------+----------+-------------------------------------------
     0 | D:1      | Almogavar the Gnoll Wanderer began the quest for the Orb.
     0 | D:1      | Almogavar set off with the following items: a +0 shortbow,
                  | 25 arrows, a +0 mace, a +0 robe; and the following spell
                  | memorised: Magic Dart; and the following spells available
                  | to memorise: Blink, Call Imp, Slow, Conjure Flame, Mephitic
                  | Cloud
     0 | D:1      | Reached XP level 1. HP: 20/20 MP: 4/4
    48 | D:1      | You fall into a shaft and drop 1 floor!
   112 | D:2      | Reached XP level 2. HP: 26/26 MP: 5/5
   302 | D:2      | Reached XP level 3. HP: 29/31 MP: 7/7
   836 | D:1      | Reached skill level 1 in Invocations
   931 | D:1      | Found a glowing golden altar of the Shining One.
  1575 | D:3      | Reached skill level 1 in Short Blades
  1575 | D:3      | Reached skill level 1 in Long Blades
  1575 | D:3      | Reached skill level 1 in Axes
  1575 | D:3      | Reached skill level 1 in Polearms
  1575 | D:3      | Reached skill level 1 in Staves
  1575 | D:3      | Reached skill level 1 in Slings
  1575 | D:3      | Reached skill level 1 in Bows
  1575 | D:3      | Reached skill level 1 in Crossbows
  1575 | D:3      | Reached skill level 1 in Throwing
  1575 | D:3      | Reached skill level 1 in Dodging
  1575 | D:3      | Reached skill level 1 in Shields
  1575 | D:3      | Reached skill level 1 in Unarmed Combat
  1729 | D:3      | Reached XP level 4. HP: 38/38 MP: 8/8
  1739 | D:3      | Reached skill level 1 in Conjurations
  1739 | D:3      | Reached skill level 1 in Hexes
  1739 | D:3      | Reached skill level 1 in Summonings
  1739 | D:3      | Reached skill level 1 in Necromancy
  1739 | D:3      | Reached skill level 1 in Translocations
  1739 | D:3      | Reached skill level 1 in Transmutations
  1739 | D:3      | Reached skill level 1 in Air Magic
  1739 | D:3      | Reached skill level 1 in Earth Magic
  1739 | D:3      | Reached skill level 1 in Poison Magic
  2098 | D:3      | Found an iron altar of Okawaru.
  2299 | D:4      | Slain by a worker ant

Illustrated notes

Levels and vault maps discovered:
D:1:      nagdon_arrival_double_spiral, layout_basic, eino_curves_01,
          tso_metal_star
D:2:      layout_rooms, fountainhead
D:3:      layout_rooms, grunt_decor_one_mirror, okawaru_ov_weapons_minmay
D:4:      layout_cave_pods, uniq_sigmund, uniq_pikel, uniq_natasha

Skill      XL: |  1  2  3  4 |
---------------+-------------+-----
Fire Magic     | 2 |  2.2
Ice Magic      | 2 |  2.2
Invocations    | 1 |  1.3
Short Blades   | 1 |  1.2
Long Blades    | 1 |  1.2
Axes           | 1 |  1.2
Polearms       | 1 |  1.2
Staves         | 1 |  1.2
Slings         | 1 |  1.2
Bows           | 1 |  1.2
Crossbows      | 1 |  1.2
Throwing       | 1 |  1.2
Dodging        | 1 |  1.2
Shields        | 1 |  1.2
Unarmed Combat | 1 |  1.2
Spellcasting   | 3 |  3.0
Conjurations   | 1 |  1.0
Hexes          | 1 |  1.0
Summonings     | 1 |  1.0
Necromancy     | 1 |  1.0
Translocations | 1 |  1.0
Transmutations | 1 |  1.0
Air Magic      | 1 |  1.0
Earth Magic    | 1 |  1.0
Poison Magic   | 1 |  1.0
Fighting       | |  4.6
Maces & Flails | |  2.8
Armour         | |  4.6
Stealth        | |  2.6
Evocations     | |  2.8

Action                   |  1- 3 |  4- 6 || total
-------------------------+-------+-------++-------
Melee: Mace              |    10 |    18 ||    28
       Punch             |     1 |       ||     1
       Bite              |     2 |     3 ||     5
 Fire: Shortbow          |    75 |    15 ||    90
  Use: Scroll            |     9 |       ||     9
Armor: Robe              |     1 |     1 ||     2
       Leather armour    |       |     4 ||     4
Dodge: Dodged            |    11 |     9 ||    20
